 Dungeon Crawl Stone Soup version 0.29.1-12-g30fa7ad0bf (webtiles) character file.

Game seed: 3968724808138154000

1773 cowcol the Cleaver (level 8, -1/71 HPs)
             Began as a Minotaur Monk on Jan 13, 2023.
             Shot with an arrow by a centaur (5 damage)
             ... on level 7 of the Dungeon.
             The game lasted 00:14:58 (7118 turns).

cowcol the Cleaver (Minotaur Monk)                  Turns: 7118, Time: 00:14:59

Health: -1/71      AC: 20    Str: 16    XL:     8   Next: 80%
Magic:  7/7        EV:  6    Int:  7    God:
Gold:   301        SH:  0    Dex: 15    Spells: 7/7 levels left

rFire   . . .      SeeInvis .   y - +0 war axe
rCold   . . .      Faith    .   (no shield)
rNeg    . . .      Spirit   .   n - +1 plate armour
rPois   .          Reflect  .   s - +2 hat
rElec   .          Harm     .   w - +2 cloak
rCorr   .          Rampage  .   (no gloves)
Will    .....                   r - +0 pair of boots
Stlth   ..........              (no amulet)
HPRegen 0.21/turn               (no ring)
MPRegen 0.10/turn               (no ring)

@: brilliant
A: horns 2, retaliatory headbutt
a: no special abilities


You were on level 7 of the Dungeon.
You visited 1 branch of the dungeon, and saw 7 of its levels.

You collected 301 gold pieces.

Inventory:

Hand Weapons
 a - a +0 hand axe
 h - a +0 dagger
 i - a +2 whip of flaming
 x - a +0 mace
 y - a +0 war axe (weapon)
 C - a +0 morningstar
Missiles
 e - 56 stones
 g - 4 boomerangs (quivered)
 k - 2 atropa-tipped darts
Armour
 b - a +0 robe
 d - a scarf of repulsion
 f - a +0 leather armour
 m - a +0 ring mail
 n - a +1 plate armour (worn)
 r - a +0 pair of boots (worn)
 s - a +2 hat (worn)
 w - a +2 cloak (worn)
 B - a +2 scale mail of cold resistance
Wands
 l - a wand of iceblast (4)
 p - a wand of flame (25)
Scrolls
 j - 3 scrolls of identify
 t - a scroll of silence
 v - a scroll of brand weapon
 z - 2 scrolls of immolation {unknown}
Potions
 c - a potion of ambrosia
 o - a potion of berserk rage {unknown}
 q - a potion of brilliance
 u - a potion of lignification {unknown}
 A - a potion of flight {unknown}


   Skills:
 + Level 6.4 Fighting
 * Level 5.0 Short Blades
 + Level 8.6 Axes
 + Level 0.6 Throwing
 + Level 7.1 Armour
 + Level 3.8 Dodging
 + Level 2.0 Stealth


You had 7 spell levels left.
You didn't know any spells.
Your spell library contained the following spells:

 Spells                   Type           Power      Damage    Failure   Level
 Foxfire                  Conj/Fire      0%         2x1d4     100%        1
 Sublimation of Blood     Necr           0%         N/A       100%        2
 Wereblood                Tmut           0%         N/A       100%        2
 Conjure Flame            Conj/Fire      0%         6-21      100%        3
 Gell's Gravitas          Tloc           0%         N/A       100%        3
 Inner Flame              Hex/Fire       0%         N/A       100%        3
 Teleport Other           Tloc           0%         N/A       100%        3
 Flame Wave               Conj/Fire      0%         2d4       100%        4
 Dispersal                Tloc           0%         N/A       100%        6
 Summon Hydra             Summ           0%         N/A       100%        7


Dungeon Overview and Level Annotations

Branches:
Dungeon (7/15)
 Temple: D:4-7

Altars:
Cheibriados
Dithmenos
Kikubaaqudgha


Innate Abilities, Weirdness & Mutations

You have a pair of horns on your head.
You reflexively headbutt those who attack you in melee.


Message History

The ball of steam hits you.
* * * LOW HITPOINT WARNING * * *
Unknown command.
You closely miss the steam dragon.
You are engulfed in a cloud of scalding steam.
The steam dragon bites you but does no damage.
The steam dragon barely misses you.
You barely miss the steam dragon.
You are engulfed in a cloud of scalding steam.
The steam dragon closely misses you.
The steam dragon claws you but does no damage.
Unknown command.
You closely miss the steam dragon. Your headbutt misses the steam dragon.
You are engulfed in a cloud of scalding steam.
The steam dragon barely misses you.
The steam dragon claws you but does no damage.
You hit the steam dragon but do no damage.
You are engulfed in a cloud of scalding steam.
The steam dragon closely misses you. You furiously retaliate!
You headbutt the steam dragon, but do no damage.
The steam dragon claws you but does no damage.
A centaur comes into view.
You slash the steam dragon!
The steam dragon is moderately wounded.
The steam dragon completely misses you.
The steam dragon claws you but does no damage.
The centaur wields a +0 shortbow.
The centaur shoots an arrow.
The arrow hits you but does no damage.
You barely miss the steam dragon.
The steam dragon is moderately wounded.
The centaur shoots an arrow.
The arrow hits you!
* * * LOW HITPOINT WARNING * * *
The steam dragon bites you but does no damage.
The steam dragon barely misses you.
You hit the steam dragon. Your headbutt misses the steam dragon.
The steam dragon is heavily wounded.
The steam dragon barely misses you.
The steam dragon claws you but does no damage.
The centaur shoots an arrow.
The arrow hits you.
You die...

##§.....##
#.#§D<......
#.#§.#######
#.#.#.§# #.#.#..#
#.#.#..###########
#.#.#..)..D...§..#
#....#.#########D#
.......# #@#
##...### #.# ##.##
#.# #.# #.# #<#
#c# ###.# #.#
....# #.# #####
#.# #.#


You could see a steam dragon and a centaur.

Vanquished Creatures
  Pikel (D:3)
  Grinder (D:3)
  Sigmund (D:3)
  A water moccasin (D:7)
  An ogre (D:6)
  A centaur (D:6)
  A phantom (D:6)
  A necrophage (D:4)
  2 scorpions (D:6)
  4 hounds
  An iguana (D:4)
  4 orc wizards
  7 adders
  A white imp (D:6)
  5 worms
  3 dart slugs
  20 orcs
  5 endoplasms
  3 giant cockroaches
  7 goblins
  6 hobgoblins
  2 jackals (D:3)
  3 quokkas
  4 ball pythons
  7 bats
  3 frilled lizards
  6 kobolds
  10 rats
111 creatures vanquished.

Vanquished Creatures (others)
  An orc wizard (D:6)
  2 plants (D:1)
3 creatures vanquished.

Grand Total: 114 creatures vanquished

Notes
Turn   | Place    | Note
-------+----------+-------------------------------------------
     0 | D:1      | cowcol the Minotaur Monk began the quest for the Orb.
     0 | D:1      | Reached XP level 1. HP: 19/19 MP: 0/0
    31 | D:1      | Found a faded altar of an unknown god.
   359 | D:1      | Reached skill level 4 in Axes
   424 | D:1      | Reached XP level 2. HP: 20/27 MP: 1/1
  1721 | D:2      | Reached XP level 3. HP: 25/33 MP: 2/2
  2241 | D:2      | Reached skill level 1 in Armour
  2346 | D:2      | Reached skill level 5 in Axes
  2346 | D:2      | Reached XP level 4. HP: 33/40 MP: 3/3
  2771 | D:3      | Found a shadowy altar of Dithmenos.
  2776 | D:3      | Noticed Grinder
  3104 | D:3      | Paralysed by Grinder for 5 turns
  3124 | D:3      | Killed Grinder
  3125 | D:3      | Reached skill level 1 in Short Blades
  3125 | D:3      | Reached XP level 5. HP: 25/47 MP: 4/4
  3125 | D:3      | Reached XP level 6. HP: 29/53 MP: 5/5
  3384 | D:3      | Noticed Sigmund
  3412 | D:3      | Killed Sigmund
  3413 | D:3      | Reached skill level 6 in Axes
  4285 | D:4      | Found an ancient bone altar of Kikubaaqudgha.
  4314 | D:4      | Reached XP level 7. HP: 60/60 MP: 6/6
  4373 | D:4      | Found a snail-covered altar of Cheibriados.
  4631 | D:4      | Reached skill level 5 in Fighting
  4956 | D:4      | Noticed Pikel
  5609 | D:3      | Killed Pikel
  5610 | D:3      | Reached skill level 7 in Axes
  5610 | D:3      | Reached skill level 5 in Armour
  5610 | D:3      | Reached XP level 8. HP: 39/69 MP: 7/7
  5654 | D:5      | Entered Level 5 of the Dungeon
  5985 | D:6      | Reached skill level 8 in Axes
  7042 | D:7      | Reached skill level 5 in Short Blades
  7117 | D:7      | HP: 3/71 [centaur/arrow (11)]
  7118 | D:7      | Shot with an arrow by a centaur

Illustrated notes

Levels and vault maps discovered:
D:1:      dpeg_arrival_erosion, layout_loops_ring,
          hellmonk_ecumenical_altar_pennies_from_heaven, serial_forest,
          infiniplex_forest_end_2, infiniplex_forest_straight_4,
          infiniplex_forest_lined_3, infiniplex_forest_clump_double,
          infiniplex_forest_lined_3, infiniplex_forest_lined_room_2
D:2:      layout_basic, minmay_3d_cube
D:3:      layout_basic, nicolae_dithmenos_through_a_glass_darkly, uniq_grinder,
          uniq_sigmund
D:4:      layout_basic, mainiacjoe_overflow_catwalk, kennysheep_slug_shrine,
          uniq_pikel
D:5:      layout_gridville, minmay_temple_entry_gardened_gates
D:6:      layout_basic
D:7:      layout_loops_ring

Skill      XL: |  1  2  3  4  5  6  7  8 |
---------------+-------------------------+-----
Axes           | 4 5 6 7 8 |  8.6
Fighting       | 4 5 6 |  6.4
Armour         | 1 3 4 5 7 |  7.1
Short Blades   | 1 2 4 5 |  5.0
Stealth        | 2 |  2.0
Throwing       | |  0.6
Dodging        | |  3.8

Action                   |  1- 3 |  4- 6 |  7- 9 || total
-------------------------+-------+-------+-------++-------
Melee: Hand axe          |    96 |   124 |   225 ||   445
       Headbutt          |    19 |    18 |    46 ||    83
       Punch             |     1 |     2 |     4 ||     7
       War axe           |       |       |    37 ||    37
Throw: Boomerang         |     1 |     7 |       ||     8
  Use: Scroll            |     5 |     2 |     7 ||    14
       Potion            |       |     2 |     3 ||     5
 Stab: Sleeping          |     2 |       |       ||     2
Armor: Leather armour    |    15 |       |       ||    15
       Plate armour      |    34 |    77 |   223 ||   334
Dodge: Dodged            |    48 |    27 |    56 ||   131
